AoeStats
← sebas4fr

Black Forest

509739232Analyzed
3v3 RM · 5d ago on Sep 27, 2026· 43m 2s· 6 players
Game mode
Random Map
Map size
Normal (6 player)
Population
200
Speed
Normal
Resources
Standard
Victory
Conquest
Starting age
Dark Age
Ending age
Imperial Age
RankedLock teamsTeams togetherTeam positionsShared explorationLock speedFull tech treeHidden civsTurbo modeCheats
Victory
Defeat
🇺🇸 Franks · United States
1062
+14
🇺🇸 Poles · United States
1019
+16
🇺🇸 Saxons · United States
957
+18
🇨🇦 Varangians · Canada
1050
-18
🇧🇷 Turks · Brazil
1023
-16
🇧🇬 Spanish · Bulgaria
956
-14
cK5pl
10:14 Feudal Age
11:57 Double-Bit Axe
17:11 Castle Age
15:59 Horse Collar
18:41 Bow Saw
22:29 Wheelbarrow
24:45 Szlachta Privileges
25:16 Gold Mining
25:58 Scale Barding Armor
26:04 Forging
26:10 Heavy Plow
26:41 Bloodlines
26:32 Husbandry
26:17 Light Cavalry
30:27 Imperial Age
27:46 Loom
30:46 Chain Barding Armor
31:01 Iron Casting
30:55 Cavalier
34:10 Conscription
35:09 Blast Furnace
38:14 Hand Cart
38:09 Winged Hussar
38:31 Elite Skirmisher
39:17 Thumb Ring
42:08 Scale Mail Armor
41:59 Fletching
42:09 Padded Archer Armor
43:14 Chemistry
42:26 Fortified Wall
jabbler
0:30 Loom
10:38 Feudal Age
19:13 Castle Age
17:46 Double-Bit Axe
18:11 Horse Collar
19:11 Gold Mining
20:02 Heavy Plow
30:27 Imperial Age
28:20 Squires
28:06 Gambesons
28:07 Arson
28:34 Scale Mail Armor
28:45 Forging
29:03 Bow Saw
31:31 Conscription
31:31 Chain Mail Armor
32:17 Gold Shaft Mining
33:55 Elite Varangian Guard
35:25 Ballistics
36:15 Plate Mail Armor
36:21 Iron Casting
36:54 Fletching
38:25 Treadmill Crane
39:47 Chemistry
42:00 Shield Wall
Jweli
0:28 Loom
12:51 Feudal Age
13:17 Double-Bit Axe
19:16 Castle Age
19:13 Wheelbarrow
20:59 Bow Saw
25:40 Hand Cart
32:20 Imperial Age
30:13 Husbandry
32:41 Gold Mining
32:42 Stone Mining
33:44 Conscription
34:37 Gold Shaft Mining
33:57 Cavalier
35:01 Scale Barding Armor
35:08 Chivalry
36:42 Coinage
38:24 Forging
38:34 Chain Barding Armor
39:47 Iron Casting
40:59 Plate Barding Armor
40:22 Paladin
41:12 Scale Mail Armor
43:34 Blast Furnace
sebas4fr
0:27 Loom
12:09 Feudal Age
16:41 Castle Age
15:13 Double-Bit Axe
17:33 Wheelbarrow
28:56 Horse Collar
32:48 Hand Cart
32:20 Town Watch
33:31 Caravan
34:17 Bow Saw
34:03 Gold Mining
34:03 Stone Mining
34:19 Heavy Plow
34:11 Gambesons
34:26 Squires
34:12 Arson
33:48 Pikeman
37:49 Imperial Age
36:17 Stone Shaft Mining
36:00 Forging
35:50 Scale Mail Armor
38:44 Chain Mail Armor
39:04 Iron Casting
37:51 Capped Ram
37:58 Elite Varangian Guard
38:32 Treadmill Crane
39:58 Plate Mail Armor
38:55 Halberdier
39:35 Siege Ram
40:38 Conscription
42:11 Blast Furnace
danilomaxxcuritiba
10:17 Feudal Age
9:28 Loom
10:52 Double-Bit Axe
12:02 Wheelbarrow
11:12 Horse Collar
18:15 Castle Age
16:22 Gold Mining
16:26 Stone Mining
19:17 Bow Saw
19:54 Heavy Plow
29:25 Imperial Age
28:47 Caravan
31:01 Conscription
31:00 Capped Ram
32:44 Fletching
33:00 Scale Barding Armor
33:48 Bloodlines
34:35 Chain Barding Armor
35:15 Husbandry
35:47 Artillery
36:51 Bodkin Arrow
39:10 Hand Cart
Tardhunter
2:04 Loom
11:43 Feudal Age
12:31 Double-Bit Axe
16:43 Castle Age
15:47 Stone Mining
18:07 Bow Saw
18:49 Horse Collar
27:48 Gold Mining
27:54 Fletching
28:05 Padded Archer Armor
29:25 Stone Shaft Mining
29:33 Heavy Plow
29:42 Pikeman
30:26 Squires
32:02 Scale Mail Armor
31:58 Bodkin Arrow
33:51 Chain Mail Armor
33:47 Forging
38:07 Imperial Age
38:50 Iron Casting
Connection lost

Rejoining the realm…

Still unreachable

The connection could not be restored.

Session expired

The server has moved on; the page needs a fresh start.